 Dungeon Crawl Stone Soup version 0.17-a0-917-gc6f4cb3 (webtiles) character file.

2152 Valroque the Bludgeoner (level 9, -1/84 HPs)
             Began as an Ogre Chaos Knight on May 4, 2015.
             Slain by Maurice
             ... wielding a +0 dagger
              (7 damage)
             ... on level 9 of the Dungeon.
             The game lasted 00:31:06 (7404 turns).

Valroque the Bludgeoner (Ogre Chaos Knight)         Turns: 7404, Time: 00:31:06

Health: -1/84      AC:  7    Str: 19    XL:     9   Next: 31%
Magic:  9/9        EV: 10    Int: 11    God:    Xom [......]
Gold:   448        SH:  0    Dex: 14    Spells: 0 memorised, 8 levels left

rFire  + . .     SeeInvis .     D - +2 mace (holy)
rCold  . . .     Clarity  .     d - +2 robe {rF+}
rNeg   . . .     SustAb   .     (no shield)
rPois  +         Gourm    .     (helmet restricted)
rElec  .         Spirit   .     w - +1 cloak
rCorr  .         Warding  .     (gloves unavailable)
rMut   .         Stasis   .     (boots unavailable)
MR     .....                    (no amulet)
Stlth  ++........               x - ring of poison resistance
                                K - ring of stealth

@: not resistant to hostile enchantments, unstealthy
A: unfitting armour, hooves 1, horns 1, agile 1, tough skin 1
a: Renounce Religion


You were on level 9 of the Dungeon.
You worshipped Xom.
You were a very special plaything of Xom.
You were hungry.

You visited 2 branches of the dungeon, and saw 9 of its levels.
You also visited: Sewer.

You collected 448 gold pieces.

Inventory:

Hand weapons
 a - a +1 mace of chaos
 b - a +0 blowgun
 D - a +2 mace of holy wrath (weapon)
Missiles
 H - 42 poisoned needles
 M - 2 tomahawks (quivered)
Armour
 d - a +2 robe of fire resistance (worn)
 w - a +1 cloak (worn)
Jewellery
 e - an uncursed ring of wizardry
 m - an uncursed ring of flight
 x - a ring of poison resistance (right hand)
 K - a ring of stealth (left hand)
 N - an uncursed ring of protection from fire
 P - a cursed ring of loudness {unknown}
Magical devices
 o - a wand of confusion (30)
 G - a wand of magic darts (18)
Scrolls
 g - 2 scrolls of enchant weapon
 n - 4 scrolls of identify
 y - 4 scrolls of enchant armour
 I - a scroll of amnesia
Potions
 i - 3 potions of curing {unknown}
 j - 4 potions of flight {unknown}
 k - 3 potions of mutation {unknown}
 p - a potion of heal wounds
 s - a potion of might
 t - 3 potions of degeneration {unknown}
 A - a potion of lignification {unknown}
 C - a potion of poison {unknown}
 F - a potion of cure mutation {unknown}
 L - a potion of agility {unknown}
 O - a potion of haste {unknown}
Books
 z - a book of Dreams

   Spells                             Type                      Level
   a - Ensorcelled Hibernation        Hexes/Ice                    2
   b - Flight                         Charms/Air                   3
   c - Phase Shift                    Translocation                5
   d - Shadow Creatures               Summoning                    5
   e - Mass Confusion                 Hexes                        6
   f - Darkness                       Hexes                        7
Comestibles
 c - 4 bread rations
 f - a slice of pizza
 v - 13 fruits
 B - 3 beef jerkies
 E - 2 meat rations


   Skills:
 + Level 4.0 Fighting
 + Level 15.1 Maces & Flails
 + Level 0.0 Armour
 * Level 2.3 Dodging


You had 8 spell levels left.
You didn't know any spells.

Dungeon Overview and Level Annotations

Branches:
Dungeon (9/15)             Temple (1/1) D:7
   Lair: D:8-11         Orc: D:9-12

Altars:
Ashenzari
Cheibriados
Dithmenos
Elyvilon
Fedhas
Gozag
Kikubaaqudgha
Makhleb
Nemelex Xobeh
Okawaru
Qazlal
Sif Muna
Trog
Vehumet
Xom
Yredelemnul
Zin
The Shining One

Annotations:
D:9 Maurice


Innate Abilities, Weirdness & Mutations

You are too large for most types of armour.
You have tough skin (AC +1).
You have large cloven feet.
You have a pair of small horns on your head.
You are agile. (Dex +2)


Message History

* * * LOW HITPOINT WARNING * * *
You see here a club.
Things that are here:
a flail; a spear You hear a zap.
A bolt of cold appears from out of thin air!
The bolt of cold misses you. The bolt of cold hits your butterfly.
Your butterfly dies!
You see here a club.
You hear a zap.
A bolt of cold appears from out of thin air!
The bolt of cold misses you.
You barely miss something. You kick something. Your headbutt misses something.
You hear a zap.
A bolt of cold appears from out of thin air!
The bolt of cold hits you!
* * * LOW HITPOINT WARNING * * *
You miss something. Your kick misses something. Something hits you!
You die... "It's all fun and games until someone loses an eye."

.# #.......# .
#.......# #.......#
###.#######.......#
..................#
#.######.##########
#.# #{# #@# #)# #)#
#.#
.................
........#######
........# ........#
. .......#


There were no monsters in sight!

Vanquished Creatures
  Sigmund (D:6)
  A black bear (D:7)
  An orc warrior (D:6)
  2 ice beasts
  4 ogres
  A centaur (D:7)
  A big kobold (Sewer)
  2 giant frogs
  A scorpion (D:4)
  2 jellies (D:6)
  A crimson imp (D:6)
  An orc priest (D:5)
  Crazy Yiuf (D:2)
  Ijyb (D:2)
  2 hounds
  7 orc wizards
  Terence (D:2)
  An iguana (D:5)
  6 worker ants
  A hound zombie (D:5)
  A hound skeleton (D:7)
  11 adders
  4 gnolls (D:9)
  2 river rats (Sewer)
  An adder zombie (D:7)
  A worm (D:2)
  2 adder skeletons
  A worm (shapeshifter) (D:6)
  3 giant geckos
  6 orcs
  3 ball pythons
  8 bats
  7 giant cockroaches
  13 hobgoblins
  2 quokkas (D:4)
  A giant gecko zombie (D:5)
  6 giant newts
  9 goblins
  2 jackals (Sewer)
  19 kobolds
  10 rats
150 creatures vanquished.

Vanquished Creatures (collateral kills)
  An iguana (D:9)
  A hound skeleton (D:9)
2 creatures vanquished.

Vanquished Creatures (others)
  An orc (D:6)
  A bat (D:1)
  A giant spore (D:9)
  3 butterflies (D:9)
6 creatures vanquished.

Grand Total: 158 creatures vanquished

Notes
Turn   | Place    | Note
--------------------------------------------------------------
     0 | D:1      | Valroque, the Ogre Chaos Knight, began the quest for the Orb.
     0 | D:1      | Reached XP level 1. HP: 24/24 MP: 1/1
   210 | D:1      | Reached XP level 2. HP: 30/32 MP: 2/2
   257 | D:1      | You fall through a shaft!
   391 | D:1      | Reached skill level 5 in Maces & Flails
   573 | D:1      | XOM: divination: detect creatures
   668 | D:1      | XOM: divination: detect creatures
   728 | D:2      | XOM: mild Air miscast
   735 | D:2      | Reached XP level 3. HP: 26/39 MP: 3/3
   771 | D:2      | XOM: mild Tloc miscast
   954 | D:2      | Reached skill level 6 in Maces & Flails
  1186 | D:2      | Noticed Terence
  1195 | D:2      | Noticed Ijyb
  1204 | D:2      | XOM: divination: detect creatures
  1207 | D:2      | XOM: divination: magic mapping
  1209 | D:2      | Killed Terence
  1209 | D:2      | Reached XP level 4. HP: 48/48 MP: 4/4
  1212 | D:2      | XOM: potion effect (berserk rage)
  1217 | D:2      | Killed Ijyb
  1217 | D:2      | Reached skill level 7 in Maces & Flails
  1604 | D:2      | Noticed Crazy Yiuf
  1616 | D:2      | Killed Crazy Yiuf
  1616 | D:2      | Reached XP level 5. HP: 37/54 MP: 5/5
  2155 | D:3      | Found a sparkling altar of Nemelex Xobeh.
  2251 | D:3      | XOM: divination: detect creatures
  2282 | D:3      | XOM: silly message
  2315 | D:3      | Reached skill level 8 in Maces & Flails
  2321 | D:3      | XOM: silly message
  2390 | D:4      | XOM: enchant monster (good)
  2418 | D:4      | XOM: mild Necr miscast
  2574 | D:4      | Reached XP level 6. HP: 62/62 MP: 6/6
  2731 | D:4      | XOM: harmless Erth miscast
  2770 | D:4      | XOM: blink monster(s)
  2784 | D:4      | XOM: blink monster(s)
  2798 | D:4      | Reached skill level 9 in Maces & Flails
  3317 | D:4      | XOM: scenery: 2 doors open, 2 doors close
  3371 | D:5      | Entered Level 5 of the Dungeon
  3445 | D:5      | Reached skill level 10 in Maces & Flails
  3445 | D:5      | Reached XP level 7. HP: 70/70 MP: 7/7
  3503 | D:5      | XOM: silly message
  3722 | D:5      | Reached skill level 11 in Maces & Flails
  4134 | D:5      | XOM: cast spell 'Confusing Touch'
  4189 | D:5      | Found a glowing golden altar of the Shining One.
  4333 | D:5      | XOM: divination: detect creatures
  4335 | D:5      | Reached XP level 8. HP: 44/78 MP: 8/8
  4487 | D:5      | XOM: confusion
  4833 | D:5      | Reached skill level 12 in Maces & Flails
  5050 | D:6      | Noticed Sigmund
  5089 | D:6      | Killed Sigmund
  5308 | D:6      | Found a glowing drain.
  5312 | Sewer    | Entered a sewer
  5320 | Sewer    | Reached skill level 13 in Maces & Flails
  5432 | Sewer    | XOM: polymorph kobold -> bat
  5505 | Sewer    | Found a white marble altar of Elyvilon.
  5626 | D:6      | Found a blossoming altar of Fedhas.
  5765 | D:6      | XOM: destruction
  5835 | D:6      | XOM: 2-stop teleportation journey
  5973 | D:6      | Gained mutation: You have large cloven feet. [mutagenic meat]
  5974 | D:6      | Gained mutation: You have a pair of small horns on your head. [mutagenic meat]
  5975 | D:6      | Gained mutation: You are agile. (Dex +2) [mutagenic meat]
  6012 | D:6      | XOM: divination: detect creatures
  6110 | D:6      | Reached skill level 14 in Maces & Flails
  6165 | D:6      | XOM: noise
  6342 | D:7      | Reached XP level 9. HP: 61/84 MP: 9/9
  6351 | D:7      | XOM: divination: detect creatures
  6428 | D:7      | XOM: harmless Necr miscast
  6586 | D:7      | Found a staircase to the Ecumenical Temple.
  6604 | D:7      | Found an opulent altar of Gozag.
  6637 | Temple   | Entered the Ecumenical Temple
  6803 | D:7      | XOM: swap monsters
  6814 | D:7      | XOM: noise
  6936 | D:7      | Reached skill level 15 in Maces & Flails
  6991 | D:7      | XOM: torment (43/84 hp)
  7179 | D:7      | You fall through a shaft for 2 floors!
  7303 | D:9      | XOM: 3-stop teleportation journey
  7304 | D:9      | Noticed Maurice
  7306 | D:9      | XOM: summons 4 hostile shadow creatures
  7307 | D:9      | Noticed a hill giant
  7308 | D:9      | XOM: confusion (+ monsters)
  7390 | D:9      | XOM: butterfly on damage
  7404 | D:9      | Slain by Maurice

Action                   |  1- 3 |  4- 6 |  7- 9 || total
-------------------------+-------+-------+-------++-------
Melee: Mace              |   110 |   156 |   318 ||   584
Throw: Tomahawk          |       |     4 |     5 ||     9
  Use: Scroll            |       |       |    14 ||    14
       Potion            |       |       |     2 ||     2
 Stab: Confused          |     2 |     1 |       ||     3
       Paralysed         |       |     2 |     6 ||     8
       Petrified         |       |     1 |       ||     1
       Petrifying        |       |       |     1 ||     1
       Fleeing           |       |       |     1 ||     1
       Sleeping          |       |       |     1 ||     1
  Eat: Chunk             |     1 |     8 |    14 ||    23
       Fruit             |       |       |     1 ||     1
